 Dungeon Crawl Stone Soup version 0.30-a0-743-gbfdf073431 (webtiles) character file.

Game seed: 11931373260863699852

1211 HammerPanzer the Cleaver (level 8, -3/96 HPs)
             Began as a Minotaur Berserker on Feb 7, 2023.
             Was a Priest of Trog.
             Slain by an unseen horror (8 damage)
             ... on level 6 of the Dungeon.
             The game lasted 00:19:53 (4899 turns).

HammerPanzer the Cleaver (Minotaur Berserker)       Turns: 4899, Time: 00:19:53

Health: -3/96      AC: 12    Str: 23    XL:     8   Next: 22%
Magic:  7/7        EV:  9    Int:  4    God:    Trog [***...]
Gold:   299        SH:  0    Dex: 17    Spells: 7/7 levels left

rFire   . . .      SeeInvis .    s - +1 war axe
rCold   . . .      Faith    .    (no shield)
rNeg    . . .      Spirit   .    l - +1 chain mail
rPois   .          Reflect  .    (helmet restricted)
rElec   .          Harm     .    n - +2 cloak
rCorr   +          Rampage  .    (no gloves)
Will    .....                    (no boots) Stlth
                                 (no amulet)
HPRegen 0.36/turn                q - ring of resist corrosion
MPRegen 0.10/turn                w - +6 ring of dexterity

@: berserking (expiring), very quick
A: horns 2, retaliatory headbutt
a: Renounce Religion, Berserk, Trog's Hand


You were on level 6 of the Dungeon.
You worshipped Trog.
Trog was most pleased with you.
You visited 1 branch of the dungeon, and saw 6 of its levels.
You also visited: Sewer.

You collected 299 gold pieces.

Inventory:

Hand Weapons
 s - a +1 war axe (weapon)
Armour
 l - a +1 chain mail (worn)
 n - a +2 cloak (worn)
Jewellery
 p - a ring of ice
 q - a ring of resist corrosion (left hand)
 w - a +6 ring of dexterity (right hand)
Wands
 x - a wand of paralysis (9)
Scrolls
 d - a scroll of enchant weapon
 f - 2 scrolls of teleportation
 h - a scroll of fog
 u - 2 scrolls of identify
Potions
 a - a potion of resistance {unknown}
 b - 3 potions of heal wounds
 c - 2 potions of flight {unknown}
 e - a potion of cancellation {unknown}
 g - 3 potions of ambrosia
 i - 6 potions of curing
 j - a potion of attraction {unknown}
 k - 3 potions of haste
 m - 2 potions of mutation
 o - a potion of invisibility {unknown}
 r - a potion of might {unknown}
 t - a potion of lignification {unknown}
 v - a potion of degeneration {unknown}


   Skills:
 - Level 3.6 Fighting
 + Level 12.2 Axes
 - Level 2.4 Armour
 - Level 2.1 Dodging


You had 7 spell levels left.
You didn't know any spells.
Your spell library was empty.

Dungeon Overview and Level Annotations

Branches:
Dungeon (6/15)             Temple (0/1) D:5           Sewer (visited)

Altars:
Dithmenos
Makhleb
Okawaru
Uskayaw
Xom
Yredelemnul

Shops:
D:1 =   D:4 *([


Innate Abilities, Weirdness & Mutations

You have a pair of horns on your head.
You reflexively headbutt those who attack you in melee.


Message History

You closely miss something. You headbutt something.
Something hits you but does no damage. Something hits you but does no damage.
Something hits you. Something hits you but does no damage.
Something hits you but does no damage.
Something hits you but does no damage. x2; Something completely misses you.
Something hits you but does no damage. x2
Something hits you but does no damage.
You miss something. Something hits you but does no damage. Something hits you.
You closely miss something. You headbutt something. Something hits you!
Something hits you but does no damage. Something hits you.
You hit something but do no damage. Something hits you but does no damage.
Something hits you. Something hits you but does no damage.
Something hits you but does no damage. x2
Something hits you.
You hit something but do no damage. Something hits you.
* * * LOW HITPOINT WARNING * * *
Something hits you.
* * * LOW HITPOINT WARNING * * *
You closely miss something.
Something hits you but does no damage. x2
Something hits you but does no damage. x2
A red film seems to cover your vision as you go berserk!
You feel yourself moving faster!
You feel mighty! Something hits you.
* * * LOW HITPOINT WARNING * * *
Something hits you but does no damage.
You slash something! Something hits you.
* * * LOW HITPOINT WARNING * * *
You closely miss something. Something hits you but does no damage.
Something hits you!
* * * LOW HITPOINT WARNING * * *
You feel a strong urge to attack something.
You barely miss something. Your headbutt misses something. Something hits you.
* * * LOW HITPOINT WARNING * * *
A bullfrog comes into view.
The bullfrog croaks.
You feel a strong urge to attack something.
Something hits you!
You die...

######### ........# ..#####.#
##########
#.#####.##.........#
.....#.#.#.#######.#
####..###..#######.##########
#.#.#.###....@............
#....####.#####.##........
#.........# ###.##.#######
####.##.###### #......#
.....##.# #.#.#### ........#
...#F# #...###.# #####.#
#...# #.# #.# #...# #.# #.#


There were no monsters in sight!

Vanquished Creatures
  A human (D:5)
  A black bear (D:5)
  A centaur (D:5)
  2 ogres
  A gnoll sergeant (D:5)
  2 scorpions
  2 quasits
  A jelly (D:5)
  2 hounds
  Terence (D:2)
  2 iguanas
  2 orc wizards
  5 gnolls (D:6)
  8 adders
  3 shadow imps (D:5)
  2 white imps (D:5)
  An ufetubus (D:5)
  2 worms
  2 dart slugs
  16 orcs
  7 endoplasms
  4 giant cockroaches
  6 goblins
  7 hobgoblins
  6 jackals
  5 quokkas
  8 ball pythons
  3 bats
  6 frilled lizards
  A goblin zombie (D:5)
  7 kobolds
  5 rats
122 creatures vanquished.

Vanquished Creatures (others)
  6 demonic plants (D:5)
6 creatures vanquished.

Grand Total: 128 creatures vanquished

Notes
Turn   | Place    | Note
-------+----------+-------------------------------------------
     0 | D:1      | HammerPanzer the Minotaur Berserker began the quest for the
                  | Orb.
     0 | D:1      | Reached XP level 1. HP: 19/19 MP: 0/0
   105 | D:1      | You fall into a shaft and drop 1 floor!
   112 | D:2      | Noticed a hound
   116 | D:2      | Killed a hound
   117 | D:2      | Reached skill level 5 in Axes
   117 | D:2      | Reached XP level 2. HP: 24/26 MP: 1/1
   117 | D:2      | Reached XP level 3. HP: 29/31 MP: 2/2
   292 | D:2      | Noticed Terence
   404 | D:1      | Found Xibewn's Jewellery Shop.
   787 | D:2      | Killed Terence
   788 | D:2      | Reached skill level 6 in Axes
   788 | D:2      | Reached XP level 4. HP: 27/39 MP: 3/3
   895 | D:2      | Reached ** piety under Trog
  1361 | D:3      | Found a burning altar of Makhleb.
  1911 | D:3      | Found a shimmering altar of Xom.
  2296 | D:4      | Found Buekhiox's Assorted Antiques.
  2319 | D:4      | Found a glowing drain.
  2326 | D:4      | Reached XP level 5. HP: 45/45 MP: 4/4
  2330 | D:4      | Reached skill level 7 in Axes
  2335 | Sewer    | Entered a sewer
  2640 | D:4      | Reached *** piety under Trog
  2680 | D:4      | Reached skill level 8 in Axes
  2732 | D:4      | Found Ysaat's Antique Armour Emporium.
  2971 | D:4      | Found a hide-covered altar of Uskayaw.
  2995 | D:4      | Found Ecrac's Antique Weapon Boutique.
  3153 | D:4      | Found a shadowy altar of Dithmenos.
  3465 | D:5      | Entered Level 5 of the Dungeon
  3481 | D:5      | Noticed an ogre
  3492 | D:5      | Killed an ogre
  3493 | D:5      | Reached XP level 6. HP: 38/51 MP: 5/5
  3584 | D:5      | Reached skill level 9 in Axes
  3876 | D:5      | Reached XP level 7. HP: 57/57 MP: 6/6
  4022 | D:5      | Found a staircase to the Ecumenical Temple.
  4030 | D:5      | Reached skill level 10 in Axes
  4249 | D:5      | Found an iron altar of Okawaru.
  4312 | D:5      | Found a runed translucent door.
  4312 | D:5      | Noticed a human
  4317 | D:5      | Found a basalt altar of Yredelemnul.
  4445 | D:5      | Killed a human
  4446 | D:5      | Reached skill level 11 in Axes
  4546 | D:6      | Reached XP level 8. HP: 64/64 MP: 7/7
  4745 | D:6      | Reached skill level 12 in Axes
  4899 | D:6      | Slain by an unseen horror

Illustrated notes

Levels and vault maps discovered:
D:1:      ebering_trefoil_twist, layout_rooms, serial_shops,
          nicolae_shop_temple_entry_statues_fountains
D:2:      layout_loops_ring, serial_glass, glass_columns_a, glass_columns_c,
          item_on_display_a, feat_on_display, feat_on_display,
          minmay_misc_feat_four_crosses, uniq_terence
D:3:      minmay_door_path, layout_loops_cross,
          mainiacjoe_overflow_small_starburst, xom_teletrap_fun
D:4:      layout_loops_corners, marbit_many_paths,
          eat_drink_and_be_merry_uskayaw, serial_shops, nicolae_stop_n_shop_2,
          shop, shop_statue, cheibrodos_sewer_entry_sluice
D:5:      layout_basic, dk_yredelemnul_ordeal, okawaru_metal_pillars_1_2,
          minmay_temple_entry_wispy, serial_demonic, serial_demonic_g,
          serial_demonic_f, serial_demonic_g, serial_demonic_d, st_stairs_2,
          grunt_ministairs_7, chequers_serial_rivers_small_3
D:6:      layout_loops_ring, lemuel_tele_altar,
          mainiacjoe_overflow_cross_hatched, overflow_temple_1_default,
          nicolae_kite_square_tiling_tiny, uniq_duvessa

Skill      XL: |  1  2  3  4  5  6  7  8 |
---------------+-------------------------+-----
Axes           | 5 6 8 9 11 12 | 12.2
Fighting       | |  3.6
Armour         | |  2.4
Dodging        | |  2.1

Action                     |  1- 3 |  4- 6 |  7- 9 || total
---------------------------+-------+-------+-------++-------
  Melee: Hand axe          |    46 |    57 |       ||   103
         Headbutt          |     6 |    21 |    10 ||    37
         Punch             |     1 |       |     1 ||     2
         War axe           |       |   103 |   106 ||   209
 Invoke: Berserk           |     1 |     2 |     5 ||     8
    Use: Scroll            |       |    14 |       ||    14
 Armour: Scale mail        |    10 |    13 |       ||    23
         Chain mail        |       |    78 |   104 ||   182
  Dodge: Dodged            |    12 |    90 |    44 ||   146

Table legend: (Time is in decaauts)
 A = Elapsed time spent in this place.
 B = Non-inter-level travel time spent in this place.
 C = Inter-level travel time spent in this place.
 D = Time resting spent in this place.
 E = Time spent auto-exploring this place.
 F = Levels seen in this place.
 G = Mean time per level.
                   A        B        C        D        E       F      G
               +--------+--------+--------+--------+--------+-----+--------+
         Total |   5038 |   4649 |    389 |    510 |   3031 |   7 |  719.7 |
       Dungeon |   4674 |   4285 |    389 |    510 |   2823 |   6 |  779.0 |
         Sewer |    364 |    364 |      0 |      0 |    208 |   1 |  364.0 |
               +--------+--------+--------+--------+--------+-----+--------+

Top non-repeatable levels by time:
     D:4: 1067 daAuts
     D:3: 1024 daAuts
     D:5: 921 daAuts
     D:2: 797 daAuts
     D:1: 483 daAuts
     D:6: 379 daAuts
   Sewer: 364 daAuts
